 Dungeon Crawl Stone Soup version 0.24-a0-698-g60d090ba07 (webtiles) character file.

57919 sose the Unseen (level 14, 67/75 HPs)
             Began as a Spriggan Enchanter on Jan 21, 2017.
             Was the Champion of Dithmenos.
             Quit the game on level 13 of the Dungeon on Oct 12, 2023.
             The game lasted 01:25:50 (21925 turns).

sose the Unseen (Spriggan Enchanter)               Turns: 21925, Time: 01:25:51

Health: 67/75      AC:  9    Str:  7    XL:     14   Next: 47%
Magic:  32/32      EV: 35    Int: 21    God:    Dithmenos [******]
Gold:   1024       SH:  0    Dex: 16    Spells: 15/39 levels left

rFire    . . .     SeeInvis +   a - +2 dagger (venom)
rCold    . . .     Gourm    .   (shield restricted)
rNeg     . . .     Faith    .   G - +1 robe "Rettunit" {rPois}
rPois    +         Spirit   .   (helmet restricted)
rElec    .         Reflect  .   O - +2 cloak
rCorr    .         Harm     .   (gloves unavailable)
MR       ++...                  (boots unavailable)
Stlth    ++++++++++             (no amulet)
HPRegen  0.22/turn              Y - +5 ring of evasion
MPRegen  0.23/turn              q - +3 ring of protection

@: wreathed by umbra, very quick
A: very small, unfitting armour, see invisible, clever 1, herbivore, speed 3,
slow metabolism 2
a: Shadow Step, Shadow Form, Renounce Religion


You were on level 13 of the Dungeon.
You worshipped Dithmenos.
Dithmenos was exalted by your worship.
You were not hungry.

You visited 3 branches of the dungeon, and saw 21 of its levels.
You also visited: Ossuary and Ice Cave.

You collected 1108 gold pieces.
You spent 84 gold pieces at shops.

Inventory:

Hand Weapons
 a - a +2 dagger of venom (weapon)
 v - a +3 short sword of draining
 V - a +0 blowgun
Missiles
 E - 60 poisoned darts (quivered)
Armour
 t - a +1 robe of magic resistance
 G - the +1 robe "Rettunit" (worn) {rPois}
   (You found it on level 5 of the Dungeon)

   It protects you from poison.
 J - a +0 buckler
 O - a +2 cloak (worn)
Jewellery
 q - a +3 ring of protection (right hand)
 Y - a +5 ring of evasion (left hand)
Wands
 i - a wand of iceblast (9)
 j - a wand of removedness (4)
 p - a wand of digging (4)
 F - a wand of digging (11)
 H - a wand of iceblast (8)
 L - a wand of scattershot
Scrolls
 b - 3 scrolls of blinking
 e - 3 scrolls of teleportation
 g - 8 scrolls of remove curse
 h - 12 scrolls of fog
 l - 2 scrolls of magic mapping {unknown}
 o - 4 scrolls of amnesia
 s - 3 scrolls of enchant weapon {unknown}
 u - a scroll of enchant armour
 w - 2 scrolls of brand weapon
 A - 3 scrolls of removedness
 B - 3 scrolls of random uselessness {unknown}
 K - a scroll of torment {unknown}
 S - 5 scrolls of fear {unknown}
Potions
 m - a potion of flight {unknown}
 n - 7 potions of curing
 x - 4 potions of brilliance {unknown}
 y - 4 potions of haste
 z - 7 potions of heal wounds {unknown}
 C - 3 potions of resistance
 D - 3 potions of might
 P - a potion of agility
 R - a potion of cancellation {unknown}
Comestibles
 d - 7 rations
 k - 3 rations
 r - 5 rations


   Skills:
 + Level 9.2 Fighting
 - Level 10.0 Short Blades
 + Level 13.9 Dodging
 + Level 16.4 Stealth
 + Level 0.4 Shields
 + Level 13.0 Spellcasting
 - Level 12.5 Hexes
 + Level 3.0 Summonings
 + Level 3.4 Necromancy
 - Level 1.2 Ice Magic


You had 15 spell levels left.
You knew the following spells:

 Your Spells              Type           Power        Failure   Level  Hunger
a - Ensorcelled Hibernat  Hex/Ice        #####.       1%          2    None
b - Confuse               Hex            ######..     1%          3    None
c - Dazzling Spray        Conj/Hex       #####.       1%          3    None
d - Tukima's Dance        Hex            ######..     1%          3    None
e - Summon Mana Viper     Hex/Summ       #####...     5%          5    ####...
f - Regeneration          Chrm/Necr      ###.......   7%          3    None
g - Animate Dead          Necr           N/A          12%         4    None
C - Corona                Hex            ######.      1%          1    None

Your spell library contained the following spells:

 Spells                   Type           Power        Failure   Level  Hunger
 Animate Skeleton         Necr           N/A          1%          1    None
 Confusing Touch          Hex            ######       1%          1    None
 Summon Butterflies       Summ           ####....     1%          1    None
 Summon Small Mammal      Summ           ####         1%          1    None
 Spectral Weapon          Hex/Chrm       #####...     1%          3    None
 Apportation              Tloc           ##....       4%          1    None
 Beastly Appendage        Tmut           ##....       4%          1    None
 Infusion                 Chrm           ##..         4%          1    None
 Call Canine Familiar     Summ           ####....     4%          3    None
 Shroud of Golubria       Chrm/Tloc      ##....       7%          2    None
 Song of Slaying          Chrm           ##......     7%          2    None
 Sticks to Snakes         Tmut           ##......     7%          2    None
 Recall                   Summ/Tloc      N/A          8%          3    None
 Spider Form              Tmut/Pois      ##........   14%         3    None
 Summon Ice Beast         Ice/Summ       ###.....     19%         4    None
 Ice Form                 Ice/Tmut       ###.....     36%         4    None
 Borgnjor's Vile Clutch   Necr/Erth      ###.......   54%         5    ####...
 Blade Hands              Tmut           ##........   78%         5    ####...
 Death Channel            Necr           ####......   87%         6    #####..
 Simulacrum               Ice/Necr       ###.......   95%         6    #####..
 Summon Hydra             Summ           ####......   100%        7    #######


Dungeon Overview and Level Annotations

Branches:
Dungeon (14/15)            Temple (1/1) D:4            Lair (6/6) D:9
 Shoals (0/4) Lair:3        Snake (0/4) Lair:3        Slime (0/5) Lair:5
    Orc (0/2) D:12         Vaults (0/5) D:14

Altars:
Ashenzari
Cheibriados
Dithmenos
Elyvilon
Fedhas
Gozag
Hepliaklqana
Kikubaaqudgha
Makhleb
Nemelex Xobeh
Okawaru
Qazlal
Ru
Sif Muna
Trog
Uskayaw
Vehumet
Xom
Yredelemnul
Zin
The Shining One
Beogh

Shops:
D:7 *   D:11 :   D:12 }   D:13 :=%:

Annotations:
D:4 Dowan, Duvessa, Robin
D:6 junb69's ghost, novice TrMo
D:10 exclusion: ice statue
Lair:1 exclusion: oklob plant
Lair:6 1 exclusion


Innate Abilities, Weirdness & Mutations

You are very small and have problems with some larger weapons.
You are too small for most types of armour.
You have supernaturally acute eyesight. (SInv)
You are a herbivore.
You cover ground extremely quickly.
You need to consume almost no food.
Your mind is acute. (Int +2)


Message History

Confirm with . or Enter, or press ? or * to list all spells.
Aiming: Ensorcelled Hibernation
Press: ? - help, Shift-Dir - straight line, f - centaur
Aim: a centaur, wielding a shortbow (hasn't noticed you, umbra, chance to defeat MR: 68%)
The centaur looks drowsy...
Your shadow mimicks your spell!
The centaur is unaffected.
The helpless centaur fails to defend itself.
You perforate the centaur like a sieve!!!!
You kill the centaur!
Dithmenos accepts your kill.
Things that are here:
an uncursed shortbow; 11 arrows You start resting.
Magic restored.
Saving game... please wait.
Welcome back, sose the Spriggan Enchanter.
Dithmenos says: Spread the eternal night.
Press ? for a list of commands and other information.
Are you sure you want to abandon this character and quit the game? (Confirm with "yes".)

#........####).(...
#...(.#######(.....
#......(...####..##
#.(.......(####..##
#.....'(...((..)...
##########......###'##.##((.
#.......................####
#.........<.............##
#..........@.............#
#........................#
#................(.......#
#........................#
#........(.............#.###
#.......................∩...
#..............^.......#.#.#
###############.#######....#
#.............


There were no monsters in sight!

Vanquished Creatures
  Josephine (D:10)
  2 vault guards (D:14)
  Harold (D:11)
  5 hydras
  2 centaur warriors
  5 two-headed ogres
  A tengu warrior (D:14)
  A death knight (D:14)
  Sonja (Lair:2)
  2 skeletal warriors (D:14)
  3 unseen horrors
  The ghost of nono the Nimble, a novice HaAs of Qazlal (D:7)
  Pikel (D:4)
  An ugly thing (D:12)
  3 cyclopes
  2 manticores (D:13)
  A black mamba (shapeshifter) (D:13)
  8 elephants (Lair:6)
  6 black mambas
  A merfolk siren (Lair:3)
  9 spiny frogs
  2 gargoyles
  Psyche (D:11)
  4 komodo dragons
  3 rime drakes
  5 trolls
  3 merfolk (Lair:3)
  A tengu conjurer (D:14)
  6 slime creatures
  A hornet (D:10)
  Prince Ribbit (D:8)
  11 hippogriffs
  10 blink frogs
  A shadow (D:13)
  6 wraiths
  2 wyverns (Lair:3)
  40 yaks
  3 basilisks
  A steam dragon (D:13)
  4 hungry ghosts
  3 soldier ants
  5 water moccasins
  3 ice beasts
  A swamp drake (D:12)
  11 orc warriors
  9 porcupines
  A phantom (D:13)
  5 sky beasts
  A hornet zombie (D:8)
  2 black bears
  3 ogres
  8 wolves
  2 eyes of draining
  7 centaurs
  9 crocodiles
  An elf zombie (Ossuary)
  A big kobold (D:8)
  18 bullfrogs
  A wyvern skeleton (D:14)
  6 scorpions
  4 killer bees (D:10)
  3 howler monkeys
  An electric eel (D:11)
  8 centaur zombies
  8 crimson imps
  2 hounds
  Crazy Yiuf (D:4)
  4 jellies
  4 bullfrog skeletons
  A gnoll shaman (D:5)
  12 orc priests
  A quasit (D:6)
  3 centaur skeletons
  19 orc wizards
  7 iguanas
  Natasha (thrice) (D:4)
  16 worker ants
  A bullfrog simulacrum (D:11)
  A hound skeleton (D:4)
  2 mummies (Ossuary)
  A howler monkey skeleton (D:7)
  4 gnolls (D:5)
  13 adders
  23 white imps
  2 ufetubi (IceCv)
  An adder zombie (Ossuary)
  3 worms
  2 dart slugs
  3 leopard geckos
  84 orcs
  A ball python (D:2)
  6 giant cockroaches
  3 goblins
  7 hobgoblins
  13 jackals
  10 kobolds
  4 quokkas
  8 bats
  7 frilled lizards
  A goblin zombie (Ossuary)
  7 hobgoblin zombies (Ossuary)
  3 jackal zombies (Ossuary)
  6 kobold zombies (Ossuary)
  A leopard gecko zombie (D:5)
  15 orc zombies (Ossuary)
  2 quokka zombies
  12 rats
  A rat zombie (Ossuary)
  A fungus (D:4)
  A plant (Lair:6)
605 creatures vanquished.

Vanquished Creatures (others)
  The ghost of Feta the Blocker, a novice FoFi of Ashenzari (D:4)
  3 slaves (D:4)
  A hound (D:4)
  An adder (D:4)
  2 white imps (IceCv)
  An ufetubus (IceCv)
  4 goblins (D:4)
  A hobgoblin (D:4)
  16 fungi
  7 plants
37 creatures vanquished.

Grand Total: 642 creatures vanquished

Notes
Turn   | Place    | Note
-------+----------+-------------------------------------------
     0 | D:1      | sose the Spriggan Enchanter began the quest for the Orb.
     0 | D:1      | Reached XP level 1. HP: 9/9 MP: 5/5
   406 | D:1      | Reached XP level 2. HP: 9/13 MP: 6/6
   461 | D:1      | Learned a level 2 spell: Ensorcelled Hibernation
  1020 | D:2      | Reached XP level 3. HP: 16/16 MP: 0/8
  1026 | D:2      | Learned a level 3 spell: Confuse
  1066 | D:2      | Reached skill level 1 in Ice Magic
  1427 | D:2      | Reached skill level 5 in Hexes
  1452 | D:2      | Reached XP level 4. HP: 21/21 MP: 0/9
  2127 | D:3      | Reached XP level 5. HP: 24/24 MP: 8/11
  2138 | D:3      | Found a bloodstained altar of Trog.
  2138 | D:3      | Noticed a moth of wrath
  2322 | D:3      | Reached skill level 5 in Stealth
  2909 | D:4      | Learned a level 3 spell: Tukima's Dance
  2913 | D:4      | Learned a level 3 spell: Dazzling Spray
  2943 | D:4      | Noticed Natasha
  2947 | D:4      | Killed Natasha
  3069 | D:4      | Noticed Natasha
  3089 | D:4      | Killed Natasha
  3089 | D:4      | Reached XP level 6. HP: 26/28 MP: 10/14
  3291 | D:4      | Noticed Pikel
  3291 | D:4      | Noticed a slave
  3292 | D:4      | Noticed a slave
  3296 | D:4      | Noticed a slave
  3297 | D:4      | Noticed a slave
  3298 | D:4      | Killed Pikel
  3298 | D:4      | Reached skill level 1 in Fighting
  3298 | D:4      | Reached skill level 7 in Stealth
  3298 | D:4      | Reached skill level 5 in Spellcasting
  3298 | D:4      | Reached XP level 7. HP: 20/34 MP: 12/16
  3446 | D:4      | Noticed Robin
  3460 | D:4      | Noticed Natasha
  3468 | D:5      | Entered Level 5 of the Dungeon
  3862 | D:5      | Reached XP level 8. HP: 39/39 MP: 13/18
  4038 | D:5      | Reached skill level 8 in Stealth
  4063 | D:5      | Found a sand-covered staircase.
  4084 | Ossuary  | Entered an ossuary
  5392 | D:5      | Got a brightly glowing robe
  5403 | D:5      | Identified the cursed +1 robe "Rettunit" {rPois} (You found
                  | it on level 5 of the Dungeon)
  5483 | D:4      | Noticed Feta's ghost (novice FoFi)
  5671 | D:4      | Killed Feta's ghost
  5677 | D:4      | Found a staircase to the Ecumenical Temple.
  5695 | Temple   | Entered the Ecumenical Temple
  5910 | Temple   | Became a worshipper of Dithmenos the Shadowed
  6082 | D:4      | Noticed Dowan
  6102 | D:4      | Killed Natasha
  6140 | D:4      | Noticed Duvessa
  6241 | D:4      | Found a runed door.
  6281 | D:4      | Noticed Crazy Yiuf
  6285 | D:4      | Killed Crazy Yiuf
  6363 | D:4      | Killed a freed slave
  6526 | D:6      | Reached skill level 5 in Dodging
  6526 | D:6      | Reached skill level 9 in Stealth
  6569 | D:6      | Reached XP level 9. HP: 44/44 MP: 9/21
  6843 | D:6      | Noticed junb69's ghost (novice TrMo)
  6988 | D:6      | Reached * piety under Dithmenos
  7648 | D:7      | Found Gepreusm's Assorted Antiques.
  7653 | D:7      | Noticed nono's ghost (novice HaAs)
  7793 | D:7      | Bought a scroll of teleportation for 84 gold pieces
  8026 | D:7      | Killed nono's ghost
  8177 | D:7      | Found a runed door.
  8260 | D:7      | Reached skill level 10 in Stealth
  9107 | D:7      | Reached ** piety under Dithmenos
  9122 | D:7      | Reached skill level 5 in Short Blades
  9512 | D:7      | Found a roughly hewn altar of Beogh.
  9571 | D:8      | Noticed Prince Ribbit
  9661 | D:8      | Reached XP level 10. HP: 50/50 MP: 18/23
  9752 | D:8      | Got a transparent dagger
  9757 | D:8      | Identified the +4 dagger of Virtue {pierce, *Corrode +Rage
                  | rPois Dex+9} (You found it on level 8 of the Dungeon)
  9811 | D:8      | Noticed a two-headed ogre
  9836 | D:8      | Killed Prince Ribbit
 10105 | D:8      | Reached *** piety under Dithmenos
 10513 | D:9      | Reached skill level 11 in Stealth
 10529 | D:9      | Killed a two-headed ogre
 10587 | D:9      | Gained mutation: Your mind is acute. (Int +2) [potion of
                  | beneficial mutation]
 10621 | D:9      | Reached skill level 10 in Hexes
 10738 | D:9      | Reached skill level 5 in Fighting
 11108 | D:9      | Found a staircase to the Lair.
 11121 | D:10     | Entered Level 10 of the Dungeon
 11136 | D:10     | Reached **** piety under Dithmenos
 11203 | D:10     | Found a sparkling altar of Nemelex Xobeh.
 11372 | D:10     | Noticed Josephine
 11408 | D:10     | Killed Josephine
 11408 | D:10     | Reached skill level 12 in Stealth
 11408 | D:10     | Reached XP level 11. HP: 56/56 MP: 23/25
 12600 | Lair:1   | Entered Level 1 of the Lair of Beasts
 12620 | Lair:1   | Reached skill level 10 in Spellcasting
 12626 | Lair:1   | Reached ***** piety under Dithmenos
 12747 | Lair:1   | Reached skill level 10 in Dodging
 12818 | Lair:1   | Noticed an oklob plant
 13006 | Lair:1   | Reached skill level 13 in Stealth
 13855 | Lair:2   | Noticed Sonja
 13864 | Lair:2   | Killed Sonja
 13864 | Lair:2   | Reached XP level 12. HP: 61/61 MP: 22/27
 14348 | Lair:3   | Found a staircase to the Shoals.
 14956 | Lair:3   | Found a staircase to the Snake Pit.
 15291 | Lair:4   | Noticed an eight-headed hydra
 15325 | Lair:4   | Killed an eight-headed hydra
 15341 | Lair:4   | Reached skill level 14 in Stealth
 15644 | Lair:4   | Noticed an eight-headed hydra
 15655 | Lair:4   | Killed an eight-headed hydra
 16310 | Lair:5   | Found a staircase to the Slime Pits.
 16315 | Lair:5   | Reached XP level 13. HP: 67/67 MP: 29/29
 16509 | Lair:6   | Entered Level 6 of the Lair of Beasts
 16754 | Lair:6   | Noticed a dire elephant
 16905 | Lair:6   | Reached skill level 10 in Short Blades
 17158 | Lair:6   | Reached skill level 15 in Stealth
 17464 | D:11     | Reached ****** piety under Dithmenos
 17756 | D:11     | Noticed Harold
 17763 | D:11     | Killed Harold
 17872 | D:11     | Noticed Psyche
 17886 | D:11     | Found Gucsexae's Book Boutique.
 17900 | D:11     | Killed Psyche
 18059 | D:11     | Found a frozen archway.
 18110 | IceCv    | Entered an ice cave
 18848 | D:12     | Found Keredem's Gadget Boutique.
 18983 | D:12     | Upgraded the game from 0.20-a0-507-gc86f373 to
                  | 0.20-a0-537-g052e6ba
 18989 | D:12     | Learned a level 5 spell: Summon Mana Viper
 18996 | D:12     | Learned a level 3 spell: Regeneration
 19009 | D:12     | Found a staircase to the Orcish Mines.
 19419 | D:12     | Reached skill level 1 in Summonings
 19524 | D:12     | Reached skill level 1 in Necromancy
 19736 | D:12     | Learned a level 4 spell: Animate Dead
 19802 | D:13     | Found Ahim's Book Shoppe.
 19877 | D:13     | Found Roczesea's Food Shop.
 20127 | D:13     | Found Sedghuq's Book Shoppe.
 20206 | D:13     | Reached XP level 14. HP: 74/74 MP: 31/31
 20237 | D:13     | Found Qutogg's Jewellery Shop.
 20303 | D:13     | Reached skill level 16 in Stealth
 20735 | D:13     | Identified a scroll of acquirement
 21097 | D:14     | Found a snail-covered altar of Cheibriados.
 21332 | D:14     | Found a gate to the Vaults.
 21925 | D:13     | Quit the game

Levels and vault maps discovered:
D:1:      minmay_arrival_plants_in_alcoves
D:3:      tgw_trog
D:4:      first_bread, uniq_robin, uniq_natasha, uniq_pikel, uniq_duvessa,
          uniq_crazy_yiuf_cottage
D:5:      nicolae_ossuary_entry_ruins, hangedman_decor_clover_reticule
D:6:      hex_medium
D:7:      serial_shops, nicolae_shop_overgrown_old_shop, lightli_church_of_beogh
D:8:      hangedman_pestilent_swarm, uniq_prince_ribbit1
D:9:      grunt_lair_entry_orc_guard_hut
D:10:     basic_altar, minivault_15, kennysheep_generic_room_11, uniq_josephine
D:11:     serial_ice, serial_ice_g, serial_ice_k, serial_ice_n, serial_ice_d,
          portal_ice_cave_entry_imps, serial_shops, shop, nrook_pool_corridor,
          uniq_psyche, uniq_harold
D:12:     erik_orc_1, serial_shops, nicolae_shop_trees,
          hangedman_abyss_or_decor_lesser_grid
D:13:     minmay_bloctagon, serial_shops,
          nicolae_shop_temple_entry_statues_fountains, shop,
          nicolae_shop_crystal, kennysheep_mini_moat, kennysheep_small_square
D:14:     lightli_vaults_fourway_checkpoint, minmay_splitting_lines,
          cheibriados_altar_1
Temple:   kilobyte_greek_temple
Lair:1:   minmay_lair_oklob_chamber
Lair:2:   uniq_sonja
Lair:3:   elwin_shoals_entry_stream, dummy_snake_entry, beast_lair_carwin_8
Lair:5:   slime_dummy, lemuel_fruit_tree
Lair:6:   evil_forest

Skill      XL: |  1  2  3  4  5  6  7  8  9 10 11 12 13 14 |
---------------+-------------------------------------------+-----
Hexes          | 4 5 6 7 8 9 10 11 12 | 12.5
Ice Magic      | 1 |  1.2
Spellcasting   | 3 4 5 6 7 8 9 10 11 12 13 | 13.0
Stealth        | 5 7 9 10 12 13 14 15 16 | 16.4
Fighting       | 1 2 3 4 5 6 7 8 9 |  9.2
Short Blades   | 3 5 6 8 9 10 | 10.0
Dodging        | 5 7 9 10 11 13 | 13.9
Summonings     | 1 3 |  3.0
Necromancy     | 2 3 |  3.4
Shields        | |  0.4

Action                   |  1- 3 |  4- 6 |  7- 9 | 10-12 | 13-15 || total
-------------------------+-------+-------+-------+-------+-------++-------
Melee: Dagger            |   114 |    87 |   409 |   407 |   474 ||  1491
Throw: Stone             |       |       |     4 |       |       ||     4
 Cast: Corona            |     2 |       |       |       |       ||     2
       Ensorcelled Hiber |    18 |    36 |   106 |   202 |   122 ||   484
       Confuse           |       |       |    59 |    30 |    67 ||   156
       Dazzling Spray    |       |       |    33 |     7 |    19 ||    59
       Summon Mana Viper |       |       |       |       |     3 ||     3
Evoke: Wand              |       |       |     5 |       |       ||     5
  Use: Scroll            |       |     6 |       |    15 |     4 ||    25
       Potion            |       |       |       |     1 |     2 ||     3
 Stab: Sleeping          |    14 |    41 |    88 |   164 |   123 ||   430
       Confused          |       |       |    25 |    20 |    39 ||    84
       Distracted        |       |       |     2 |       |     1 ||     3
       Invisible         |       |       |       |     1 |     4 ||     5
  Eat: Buggy jelly       |       |     1 |       |       |       ||     1
       Buggy ration      |       |       |     2 |     2 |       ||     4
Armor: Robe              |    19 |     4 |    46 |     9 |    20 ||    98
Dodge: Dodged            |   109 |    64 |   179 |   261 |   331 ||   944

Table legend:
 A = Non-vault XP
 B = Vault XP
 C = Vault XP percentage of total XP
 D = Non-vault monster count
 E = Vault monster count
 F = Vault count percentage of total count
                 A         B        C        D         E       F
            +---------+---------+-------+---------+---------+-------
      Total |       0 |       0 |   N/A |       0 |       0 |  -nan
            +---------+---------+-------+---------+---------+-------
            +---------+---------+-------+---------+---------+-------
